Map: Abandoned Parish

Players

yang

  • Race: Terran Terran
  • Spawn Location: 3:00

QQuina

  • Race: Protoss Protoss
  • League: Diamond
  • Spawn Location: 7:00

LeoPed

  • Race: Protoss Protoss
  • Spawn Location: 6:00

bentwookie

  • Race: Zerg Zerg
  • League: Platinum
  • Spawn Location: 6:00

Harmony

  • Race: Terran Terran
  • League: Gold
  • Spawn Location: 9:00

StarFall

  • Race: Protoss Protoss
  • Spawn Location: 12:00

OkCRunK

  • Race: Protoss Protoss
  • League: Diamond
  • Spawn Location: 12:00

azimuth

  • Race: Terran Terran
  • Spawn Location: 3:00

VOD

Have the link to the VOD?

Description

Time

  • Played on: Jan. 12, 2016, 6:36 p.m.
  • Length: 5:00
Show
View Real Time Build Order
Export as new Build Order

yang Terran 

Build Orders: Reaper Expand 

Get SALT Encoding   

  12  0:04  SCV  
  13  0:16  SCV  
  14  0:28  SCV  
  14  0:30  Supply Depot  
  14  0:31  Refinery  
  15  0:51  SCV  
  15  0:55  Barracks  
  16  1:03  SCV  
  17  1:15  SCV  
  18  1:28  SCV  
  19  1:43  Reaper  
  19  1:45  Orbital Command  
  20  1:48  Command Center  
  20  1:58  Supply Depot  
  20  2:12  SCV  
  20  2:13  Factory  
  21  2:17  Marine  
  22  2:26  Supply Depot  
  22  2:28  Refinery  
  22  2:31  SCV  
  22  2:35  Marine  
  24  2:43  SCV  
  25  2:53  Marine  
  25  2:55  SCV  
  27  3:02  Starport, Factory Reactor  
  27  3:04  SCV  
  28  3:07  SCV  
  28  3:11  Marine  
  29  3:16  SCV  
  30  3:21  Barracks  
  30  3:24  Supply Depot x2  
  30  3:29  SCV  
  30  3:32  SCV  
  33  3:40  Barracks Tech Lab  
  32  3:41  SCV  
  32  3:46  Orbital Command  
  33  3:49  Medivac  
  33  3:52  Medivac  
  37  3:55  SCV  
  38  4:08  SCV  
  39  4:10  Marine x2  
  39  4:15  SCV  
  42  4:17  Refinery  
  42  4:20  SCV  
  42  4:21  Refinery  
  42  4:24  Widow Mine  
  43  4:28  SCV, Marine x2  
  48  4:32  SCV  
  49  4:40  SCV  
  49  4:44  SCV  
Show
View Real Time Build Order
Export as new Build Order

QQuina Protoss 

Build Orders: Dark Templar Rush 

Get SALT Encoding   

  12  0:01  Probe (Chrono Boost)  
  13  0:13  Probe (Chrono Boost)  
  14  0:19  Pylon  
  14  0:23  Probe (Chrono Boost)  
  15  0:37  Probe (Chrono Boost)  
  15  0:39  Gateway  
  16  0:48  Probe (Chrono Boost)  
  16  0:49  Assimilator  
  17  0:58  Probe (Chrono Boost)  
  17  0:59  Assimilator  
  17  1:04  Pylon  
  18  1:09  Probe (Chrono Boost)  
  19  1:20  Probe (Chrono Boost)  
  20  1:27  Cybernetics Core  
  20  1:30  Probe (Chrono Boost)  
  21  1:33  Pylon  
  21  1:41  Probe (Chrono Boost)  
  22  1:51  Probe (Chrono Boost)  
  23  2:02  Probe (Chrono Boost)  
  23  2:03  Twilight Council  
  23  2:05  Warp Gate (Chrono Boost)  
  24  2:13  Mothership Core  
  26  2:19  Forge  
  26  2:34  Probe  
  27  2:39  Dark Shrine  
  27  2:46  Probe  
  27  2:49  Gateway  
  28  2:57  Gateway  
  28  3:07  Photon Cannon  
  28  3:19  Pylon  
  27  3:52  Dark Templar  
  27  3:53  Dark Templar x2  
  33  4:04  Nexus  
  33  4:10  Pylon, Probe  
  34  4:22  Probe  
  33  4:41  Dark Templar x2  
  33  4:44  Probe  
  38  4:49  Pylon  
Show
View Real Time Build Order
Export as new Build Order

LeoPed Protoss 

Build Orders: 1 Gate Expand 

Get SALT Encoding   

  12  0:02  Probe (Chrono Boost)  
  13  0:18  Pylon  
  13  0:23  Probe (Chrono Boost)  
  14  0:32  Pylon  
  14  0:33  Probe (Chrono Boost)  
  15  0:46  Gateway  
  15  0:49  Probe (Chrono Boost)  
  16  1:18  Nexus  
  16  1:38  Forge  
  16  1:44  Probe (Chrono Boost)  
  17  1:47  Pylon  
  17  1:53  Assimilator  
  17  1:54  Probe (Chrono Boost)  
  17  1:57  Assimilator  
  18  2:06  Cybernetics Core  
  18  2:20  Probe (Chrono Boost)  
  19  2:23  Photon Cannon  
  19  2:32  Pylon  
  19  2:38  Probe (Chrono Boost)  
  19  2:44  Assimilator  
  20  2:54  Probe (Chrono Boost)  
  20  2:56  Mothership Core (Chrono Boost)  
  23  3:05  Probe (Chrono Boost)  
  24  3:14  Probe (Chrono Boost)  
  24  3:15  Stargate  
  24  3:18  Probe (Chrono Boost)  
  26  3:24  Probe (Chrono Boost)  
  27  3:28  Probe (Chrono Boost)  
  27  3:33  Assimilator  
  28  3:39  Pylon  
  28  3:46  Probe x2 (Chrono Boost)  
  30  4:11  Probe x2 (Chrono Boost)  
  32  4:21  Probe (Chrono Boost), Oracle (Chrono Boost)  
  32  4:22  Probe (Chrono Boost)  
  37  4:32  Probe x2 (Chrono Boost)  
  37  4:34  Stargate  
  39  4:41  Probe  
  39  4:43  Probe  
Show
View Real Time Build Order
Export as new Build Order

bentwookie Zerg 

Build Orders: Hatch First 

Get SALT Encoding   

  12  0:08  Drone x2  
  14  0:36  Hatchery  
  14  0:38  Drone  
  14  0:56  Spawning Pool  
  13  0:58  Drone  
  14  1:06  Overlord  
  14  1:12  Extractor  
  14  1:13  Drone  
  14  1:24  Drone x2  
  16  1:32  Drone  
  17  1:42  Queen  
  17  1:43  Drone  
  20  1:49  Drone  
  21  1:54  Drone  
  21  2:01  Drone  
  23  2:04  Drone  
  24  2:10  Drone  
  24  2:13  Queen  
  24  2:14  Drone  
  28  2:21  Metabolic Boost  
  28  2:27  Overlord  
  28  2:41  Overlord  
  28  2:44  Overlord  
  28  2:46  Zergling x4  
  28  2:48  Zergling x2  
  31  2:52  Zergling x6  
  31  2:57  Zergling x2  
  35  3:01  Zergling x2  
  36  3:08  Zergling x2  
  36  3:11  Zergling x2  
  38  3:15  Zergling x2  
  39  3:21  Zergling x2  
  39  3:22  Zergling x2  
  39  3:23  Zergling x4  
  39  3:25  Zergling x6  
  46  3:30  Zergling x2  
  47  3:40  Hatchery, Drone  
  47  3:45  Drone x2  
  49  3:55  Drone x3  
  51  4:05  Drone x2  
  51  4:06  Overlord  
  51  4:11  Extractor, Drone  
  51  4:12  Extractor  
  51  4:14  Drone  
  51  4:17  Extractor  
  50  4:21  Drone  
  51  4:27  Drone x3  
  54  4:37  Drone x2  
Show
View Real Time Build Order
Export as new Build Order

Harmony Terran 

Build Orders: Mech 

Get SALT Encoding   

  12  0:01  SCV  
  13  0:23  Supply Depot  
  13  0:25  SCV  
  14  0:37  SCV  
  14  0:42  Refinery  
  15  0:45  Barracks  
  15  0:51  SCV  
  16  1:03  SCV  
  17  1:15  SCV  
  18  1:29  Command Center  
  18  1:41  Orbital Command  
  18  1:44  Marine  
  19  2:04  Factory  
  19  2:05  Marine  
  19  2:07  SCV  
  21  2:14  Refinery  
  21  2:19  SCV  
  22  2:29  Supply Depot  
  23  2:35  SCV  
  23  2:49  SCV, Orbital Command  
  24  2:55  Factory Tech Lab  
  24  2:56  Factory  
  24  3:01  Marine  
  24  3:02  SCV  
  26  3:14  Siege Tank  
  26  3:16  SCV  
  30  3:21  SCV  
  31  3:37  SCV x2  
  33  3:44  Supply Depot x2  
  33  3:46  Engineering Bay  
  33  3:47  Factory Reactor  
  33  3:49  SCV  
  34  4:04  Starport  
  34  4:07  SCV x2, Factory  
  36  4:10  Refinery  
  36  4:11  Refinery, Siege Tank  
  39  4:19  SCV  
  40  4:25  Supply Depot  
Show
View Real Time Build Order
Export as new Build Order

StarFall Protoss 

Build Orders:  

Get SALT Encoding   

  12  0:15  Probe (Chrono Boost)  
  13  0:25  Probe (Chrono Boost)  
  14  0:30  Pylon  
  14  0:36  Probe (Chrono Boost)  
  15  0:48  Probe (Chrono Boost)  
  16  0:54  Gateway  
  16  0:58  Probe (Chrono Boost)  
  17  1:09  Probe (Chrono Boost)  
  17  1:10  Assimilator  
  18  1:20  Probe (Chrono Boost)  
  19  1:30  Probe (Chrono Boost)  
  20  1:41  Probe (Chrono Boost)  
  20  1:42  Cybernetics Core  
  21  1:50  Nexus  
  21  1:53  Assimilator  
  21  1:55  Pylon  
  21  1:56  Probe (Chrono Boost)  
  22  2:06  Probe (Chrono Boost)  
  23  2:22  Robotics Facility  
  23  2:24  Stalker (Chrono Boost)  
  25  2:30  Pylon  
  25  2:33  Warp Gate  
  25  2:50  Stalker (Chrono Boost)  
  27  3:02  Probe  
  27  3:03  Probe  
  30  3:12  Probe (Chrono Boost)  
  30  3:13  Observer  
  30  3:15  Probe (Chrono Boost)  
  32  3:22  Pylon  
  32  3:25  Probe (Chrono Boost)  
  32  3:27  Zealot  
  35  3:30  Probe (Chrono Boost)  
  36  3:35  Robotics Bay  
  36  3:38  Probe (Chrono Boost)  
  36  3:41  Probe (Chrono Boost), Assimilator  
  38  3:48  Probe (Chrono Boost)  
  38  3:51  Probe (Chrono Boost)  
  38  3:54  Immortal (Chrono Boost)  
  44  4:03  Zealot  
  46  4:13  Assimilator  
  46  4:14  Probe  
  46  4:15  Probe  
  48  4:18  Pylon  
  48  4:30  Probe  
  54  4:31  Probe  
  56  4:41  Probe  
  56  4:43  Probe  
  58  4:49  Gateway  
  58  4:51  Gateway  
  58  4:59  Gateway  
Show
View Real Time Build Order
Export as new Build Order

OkCRunK Protoss 

Build Orders: Nexus First 

Get SALT Encoding   

  12  0:02  Probe (Chrono Boost)  
  13  0:13  Probe (Chrono Boost)  
  14  0:20  Pylon  
  14  0:23  Probe (Chrono Boost)  
  15  0:38  Probe (Chrono Boost)  
  16  0:48  Probe (Chrono Boost)  
  17  1:00  Nexus  
  17  1:03  Probe (Chrono Boost)  
  18  1:13  Gateway  
  18  1:17  Probe (Chrono Boost)  
  19  1:27  Probe (Chrono Boost)  
  19  1:31  Assimilator  
  20  1:38  Pylon  
  20  1:41  Probe (Chrono Boost)  
  21  1:51  Gateway, Probe (Chrono Boost)  
  22  1:56  Assimilator  
  22  2:02  Probe (Chrono Boost)  
  23  2:12  Cybernetics Core  
  23  2:18  Probe (Chrono Boost)  
  24  2:28  Probe (Chrono Boost)  
  25  2:32  Pylon  
  25  2:33  Probe (Chrono Boost)  
  26  2:39  Probe (Chrono Boost)  
  26  2:43  Probe (Chrono Boost)  
  28  2:48  Probe (Chrono Boost)  
  28  2:49  Adept x2  
  33  2:51  Warp Gate (Chrono Boost)  
  33  2:56  Mothership Core  
  35  2:58  Probe  
  36  3:09  Probe  
  36  3:10  Gateway  
  37  3:16  Adept  
  37  3:17  Probe, Adept  
  42  3:39  Gateway  
  42  3:42  Probe  
  42  3:43  Forge  
  42  3:44  Probe  
  42  3:45  Gateway  
  44  3:50  Adept  
  44  3:54  Probe  
  44  3:55  Pylon  
  46  3:56  Probe  
  44  4:13  Adept  
  44  4:14  Adept  
  44  4:15  Probe  
  44  4:17  Probe, Adept  
  52  4:36  Photon Cannon  
  52  4:43  Pylon  
  54  4:47  Photon Cannon  
  54  4:49  Photon Cannon  
Show
View Real Time Build Order
Export as new Build Order

azimuth Terran 

Build Orders:  

Get SALT Encoding   

  12  0:01  SCV  
  13  0:13  SCV  
  14  0:29  Supply Depot  
  14  0:30  SCV  
  15  0:49  Refinery  
  15  0:51  SCV  
  16  0:58  Barracks  
  16  1:03  SCV  
  17  1:15  SCV  
  18  1:19  Refinery  
  18  1:25  Barracks  
  18  1:28  SCV  
  19  1:45  Supply Depot, Marine  
  20  1:47  Orbital Command  
  20  2:09  Barracks Tech Lab  
  20  2:15  Barracks Reactor  
  20  2:17  Engineering Bay  
  20  2:19  SCV, Factory  
  21  2:29  Marine  
  22  2:31  Stimpack, SCV  
  23  2:43  SCV  
  24  2:47  Marine  
  25  2:58  Marine  
  26  3:05  Marine  
  27  3:10  Marine  
  28  3:15  Marine  
  29  3:22  Starport  
  29  3:24  Supply Depot  
  29  3:30  Marine x2  
  31  3:41  Missile Turret  
  31  3:45  Marine  
  31  3:48  Marine  
  32  3:49  Supply Depot  
  32  3:54  SCV  
  34  4:03  Factory Reactor  
  34  4:14  Command Center  
  34  4:19  Viking  
  34  4:22  Marine x2  
  38  4:29  Supply Depot  
  38  4:43  SCV  
  39  4:47  Missile Turret  
Tags
 
Add a new tag
Caveats
  • Supply blocks, unpowered buildings, or Contaminate may cause inaccurate times.
  • Supply counts are checked every 10 seconds.